 Dungeon Crawl Stone Soup version 0.31-a0-187-gba352fbbf7 (webtiles) character file.

Game seed: 308155867739301624

4516 qw the Markself (level 10, -1/56 HPs)
             Began as a Deep Elf Hunter on June 22, 2023.
             Was a Priest of Okawaru.
             Slain by a red devil
             ... wielding a +0 trident
             ... summoned by a kobold demonologist
              (10 damage)
             ... on level 9 of the Dungeon.
             The game lasted 00:02:43 (6848 turns).

qw the Markself (Deep Elf Hunter)                   Turns: 6848, Time: 00:02:44

Health: -1/56      AC: 12    Str: 12    XL:     10   Next: 16%
Magic:  13/15      EV: 17    Int: 15    God:    Okawaru [***...]
Gold:   185        SH:  0    Dex: 18    Spells: 9/9 levels left

rFire   . . .        Y - +2 arbalest (drain)
rCold   . . .        (shield currently unavailable)
rNeg    . . .        c - +0 ring mail
rPois   .            (helmet restricted)
rElec   .            d - +1 cloak
rCorr   .            e - +2 pair of gloves
SInv    +            (no boots)
Will    +....        j - amulet of faith
Stlth   +++          l - ring of see invisible
HPRegen 1.09/turn    (no ring)
MPRegen 0.14/turn

%: faith
@: about to teleport, heroic, weakened, spiked
A: horns 1, regeneration 1, subdued magic 1
a: Renounce Religion, Heroism


You were on level 9 of the Dungeon.
You worshipped Okawaru.
Okawaru was most pleased with you.
You visited 1 branch of the dungeon, and saw 9 of its levels.

You collected 495 gold pieces.
You spent 310 gold pieces at shops.


Innate Abilities, Weirdness & Mutations

You have a pair of small horns on your head.
Your natural rate of healing is unusually fast.
Your spells are a little easier to cast, but a little less powerful.


   Skills:
 - Level 4.0(9.0) Fighting
 + Level 16.5(21.5) Ranged Weapons
 - Level 2.0(7.0) Armour
 - Level 6.4(11.4) Dodging
 - Level 1.2(6.2) Stealth
 - Level 4.0 Invocations


You had 9 spell levels left.
You didn't know any spells.
Your spell library was empty.

Inventory:

Hand Weapons
 a - the +8 sling of the Keeping Vulture {drain, rF+ Will+ rCorr}
   (You found it on level 3 of the Dungeon)

   rF:        It protects you from fire.
   rCorr:     It protects you from acid and corrosion.
   Will:      It increases your willpower.
 Y - a +2 arbalest of draining (weapon)
Armour
 c - a +0 ring mail (worn)
 d - a +1 cloak (worn)
 e - a +2 pair of gloves (worn)
 r - a +0 robe of fire resistance
Jewellery
 j - an amulet of faith (around neck)
 l - a ring of see invisible (left hand)
 n - a +6 ring of strength
Wands
 p - a wand of digging (5)
Scrolls
 g - a scroll of identify
 m - a scroll of amnesia {unknown}
 o - 4 scrolls of teleportation
Potions
 b - 2 potions of enlightenment
 f - 3 potions of curing
 h - a potion of mutation
 i - a potion of might
 k - 2 potions of heal wounds
 q - a potion of cancellation {unknown}

Dungeon Overview and Level Annotations

Branches:
Dungeon (9/15)             Temple (0/1) D:5
   Lair: D:8-11         Orc: D:9-12

Altars:
Ashenzari
Fedhas
Gozag
Kikubaaqudgha
Makhleb
Okawaru
Uskayaw
Vehumet
Xom
Yredelemnul
Zin

Shops:
D:1 !!   D:3 *   D:7 !:=(=   D:8 (


Message History

The iron imp disappears in a puff of smoke!
The orange demon closely misses you. The orange demon hits you.
You feel your attacks grow feeble. The neqoxec gestures at you.
Strange energies course through your body.
Your connection to magic feels subdued.
The kobold demonologist barely misses you.
You shoot a bolt.
The bolt barely misses the kobold demonologist.
The bolt hits the crimson imp.
The crimson imp is lightly wounded.
The orange demon stings you.
The orange demon hits you but does no damage.
The neqoxec barely misses you.
The kobold demonologist hits you but does no damage.
The orange demon barely misses you.
The orange demon hits you but does no damage.
6846 ||| INVOKING Heroism.
You gain the combat prowess of a mighty hero.
The neqoxec hits you!
The kobold demonologist barely misses you.
The red devil hits you from afar with a +0 trident!
Barbed spikes become lodged in your body.
The orange demon stings you but does no damage.
The orange demon hits you.
You feel as though you will be weak longer.
You shoot a bolt.
The bolt closely misses the kobold demonologist.
The bolt misses the crimson imp.
The neqoxec barely misses you. The kobold demonologist misses you.
The red devil hits you from afar with a +0 trident!
Barbed spikes become lodged in your body.
The orange demon misses you. x2
6848 ||| READING 5 scrolls of teleportation.
As you read the scroll of teleportation, it crumbles to dust.
You feel strangely unstable. The neqoxec misses you.
The kobold demonologist hits you but does no damage.
The red devil hits you from afar with a +0 trident!
You die...

..#.#.#### ..#.#..... ....###[#
#...#... #....#. #...... #
#.#.#.. #### ####4# #.#....
#..### #3@K5# #......
#....###4###########...###
###.##.##..# #...#......##.
#...##....#####.....##......
#.#######....[.....###...#..
#....###..#####...####......
####....##..## #####.....##..
#.<.....##.#########.....#.##..
#...............##...##.##.##..


You could see an orange demon (summoned), a kobold demonologist, a neqoxec
(summoned), a red devil (summoned) and a crimson imp (summoned).

Vanquished Creatures
  Maggie (D:6)
  A troll (D:9)
  A wyvern (D:8)
  3 yaks (D:9)
  A steam dragon (D:8)
  Duvessa (D:6)
  A water moccasin (D:8)
  3 orc warriors
  2 sky beasts
  A black bear (D:5)
  An ice beast (D:8)
  3 ogres
  2 phantoms
  A kobold brigand (D:9)
  4 bullfrogs
  A gnoll sergeant (D:7)
  4 scorpions
  Dowan (D:6)
  4 wights (D:5)
  3 killer bees (D:7)
  A howler monkey (D:7)
  8 orc priests
  A hound (D:6)
  3 sleepcaps
  4 iguanas
  Terence (D:3)
  10 orc wizards
  6 gnolls
  8 adders
  2 white imps
  3 worms
  2 dart slugs
  44 orcs
  8 ball pythons
  6 endoplasms
  6 goblins
  7 hobgoblins
  2 jackals (D:4)
  10 kobolds
  3 quokkas
  3 bats
  8 frilled lizards
  3 rats (D:3)
188 creatures vanquished.

Notes
Turn   | Place    | Note
-------+----------+-------------------------------------------
     0 | D:1      | qw the Deep Elf Hunter began the quest for the Orb.
     0 | D:1      | Reached XP level 1. HP: 12/12 MP: 3/3
     0 | D:1      | 0 ||| qw: Version: 0.3-a-9-g12657ce
     0 | D:1      | 0 ||| qw: Game counter: 2675
     0 | D:1      | 0 ||| qw: Always use a shield: true
     0 | D:1      | 0 ||| qw: God list: Okawaru
     0 | D:1      | 0 ||| qw: Allow faded altars: false
     0 | D:1      | 0 ||| qw: Do Orc after D:15 true
     0 | D:1      | 0 ||| qw: Do second Lair branch before Depths: true
     0 | D:1      | 0 ||| qw: Lair rune preference: random
     0 | D:1      | 0 ||| qw: Plans: Normal
     0 | D:1      | 0 ||| PLANNING D:1-11
   307 | D:1      | Found Nuqi's Distillery.
   436 | D:1      | 436 ||| SHOPLISTING potion of curing (36 gold, have 0).
   436 | D:1      | 436 ||| SHOPLISTING potion of haste (120 gold, have 0).
   436 | D:1      | 436 ||| SHOPLISTING potion of might (48 gold, have 0).
   436 | D:1      | 436 ||| SHOPLISTING potion of resistance (120 gold, have
                  | 0).
   524 | D:1      | Reached XP level 2. HP: 16/16 MP: 4/4
   584 | D:1      | Reached skill level 6 in Ranged Weapons
   769 | D:1      | Found Boohid's Distillery.
   780 | D:1      | 780 ||| SHOPLISTING 2 potions of enlightenment (140 gold,
                  | have 8).
   780 | D:1      | 780 ||| SHOPLISTING potion of curing (42 gold, have 8).
   780 | D:1      | 780 ||| SHOPLISTING potion of enlightenment (70 gold, have
                  | 8).
   780 | D:1      | 780 ||| SHOPLISTING potion of mutation (112 gold, have 8).
   845 | D:1      | 845 ||| UPGRADING to +1 cloak.
   850 | D:1      | 850 ||| READING scroll labelled SIMIOSHUGO.
   951 | D:1      | 951 ||| READING scroll labelled FIAKHL PELIPONG.
   952 | D:1      | 952 ||| DROPPING scroll of butterflies.
  1117 | D:2      | Found a burning altar of Makhleb.
  1207 | D:2      | Reached XP level 3. HP: 11/20 MP: 5/5
  1466 | D:2      | 1466 ||| UPGRADING to +2 pair of gloves.
  1471 | D:2      | 1471 ||| UPGRADING to amulet of faith.
  1476 | D:2      | 1476 ||| READING scroll labelled ONEOCL YNUST.
  1477 | D:2      | 1477 ||| DRINKING 2 coppery potions.
  1477 | D:2      | Gained mutation: You sometimes lose your temper in combat.
                  | [potion of mutation]
  1478 | D:2      | 1478 ||| DRINKING potion of mutation.
  1478 | D:2      | Lost mutation: You sometimes lose your temper in combat.
                  | [potion of mutation]
  1478 | D:2      | Gained mutation: Your natural rate of healing is unusually
                  | fast. [potion of mutation]
  1478 | D:2      | Gained mutation: You have a pair of small horns on your
                  | head. [potion of mutation]
  1479 | D:2      | 1479 ||| DRINKING 2 fuming orange potions.
  1480 | D:2      | 1480 ||| DROPPING potion of degeneration.
  1580 | D:3      | Identified the +8 sling of the Keeping Vulture {drain, rF+
                  | Will+ rCorr}
  1582 | D:3      | 1582 ||| SWAPPING to +8 sling of the Keeping Vulture
                  | {drain, rF+ Will+ rCorr}.
  1583 | D:3      | 1583 ||| DROPPING +0 shortbow.
  1656 | D:3      | Reached skill level 7 in Ranged Weapons
  1665 | D:3      | Identified the scarf of the Leaf {+Inv, Will+}
  1729 | D:3      | Noticed Terence
  1730 | D:3      | Killed Terence
  1731 | D:3      | Reached XP level 4. HP: 25/25 MP: 6/6
  1765 | D:3      | Reached skill level 8 in Ranged Weapons
  1889 | D:3      | Found Possa's General Store.
  1925 | D:3      | Noticed an ogre
  1929 | D:3      | Killed an ogre
  1930 | D:3      | Reached skill level 9 in Ranged Weapons
  1930 | D:3      | Reached XP level 5. HP: 29/29 MP: 7/7
  1947 | D:3      | 1947 ||| SHOPLISTING +2 ring mail of fire resistance (231
                  | gold, have 145).
  1947 | D:3      | 1947 ||| BUYING potion of curing (33 gold).
  1947 | D:3      | Bought a potion of curing for 33 gold pieces
  1947 | D:3      | 1947 ||| BUYING scroll of identify (22 gold).
  1947 | D:3      | Bought a scroll of identify for 22 gold pieces
  1947 | D:3      | 1947 ||| BUYING scroll of teleportation (33 gold).
  1947 | D:3      | Bought a scroll of teleportation for 33 gold pieces
  2165 | D:3      | 2165 ||| DROPPING scarf of the Leaf {+Inv, Will+}.
  2166 | D:3      | 2166 ||| UPGRADING to +0 scale mail.
  2176 | D:3      | 2176 ||| DROPPING +0 leather armour.
  2177 | D:3      | 2177 ||| READING scroll labelled LEGHAF XABB.
  2178 | D:3      | 2178 ||| READING scroll labelled JIONES JOERE.
  2179 | D:3      | 2179 ||| READING scroll labelled IWITHI OHOCEJY.
  2180 | D:3      | 2180 ||| READING 2 scrolls of identify.
  2180 | D:3      | 2180 ||| IDENTIFYING fizzy green potion
  2362 | D:4      | Noticed a phantom
  2374 | D:4      | Killed a phantom
  2375 | D:4      | Reached XP level 6. HP: 30/34 MP: 8/8
  2638 | D:4      | Found an iron altar of Okawaru.
  2639 | D:4      | 2639 ||| PLANNING OKAWARU WORSHIP
  2639 | D:4      | 2639 ||| READING scroll labelled JURATI ROTRUA.
  2640 | D:4      | 2640 ||| READING scroll labelled HUTEEBY AXZIAJOU.
  2641 | D:4      | 2641 ||| READING scroll labelled RITISCH ROLLA.
  2643 | D:4      | 2643 ||| Stepping ~*~*~tactically~*~*~ (cloud).
  2657 | D:4      | 2657 ||| FLEEEEING.
  2658 | D:4      | 2658 ||| FLEEEEING.
  2681 | D:4      | Became a worshipper of Warmaster Okawaru
  2682 | D:4      | 2682 ||| PLANNING D:1-11
  2800 | D:4      | 2800 ||| FLEEEEING.
  2801 | D:4      | 2801 ||| FLEEEEING.
  3101 | D:4      | 3101 ||| READING scroll labelled BOBO UTULUE.
  3123 | D:5      | Entered Level 5 of the Dungeon
  3142 | D:5      | Reached skill level 10 in Ranged Weapons
  3142 | D:5      | Reached XP level 7. HP: 40/40 MP: 9/9
  3155 | D:5      | Reached * piety under Okawaru
  3164 | D:5      | Reached skill level 1 in Invocations
  3179 | D:5      | 3179 ||| INVOKING Heroism.
  3186 | D:5      | Reached skill level 11 in Ranged Weapons
  3317 | D:5      | 3317 ||| INVOKING Heroism.
  3320 | D:5      | Reached skill level 3 in Dodging
  3377 | D:5      | Found a staircase to the Ecumenical Temple.
  3590 | D:5      | 3590 ||| INVOKING Heroism.
  3591 | D:5      | 3591 ||| INVOKING Heroism.
  3596 | D:5      | Reached skill level 3 in Invocations
  3639 | D:5      | Reached XP level 8. HP: 44/44 MP: 12/12
  3716 | D:5      | Found an opulent altar of Gozag.
  3736 | D:5      | 3736 ||| INVOKING Heroism.
  3852 | D:5      | Found a blossoming altar of Fedhas.
  3910 | D:5      | 3910 ||| DROPPING +2 robe of positive energy.
  3911 | D:5      | 3911 ||| READING scroll labelled GAHIHICL CYMOW.
  3912 | D:5      | 3912 ||| DRINKING 3 dark potions.
  3913 | D:5      | 3913 ||| READING 2 scrolls of identify.
  3913 | D:5      | 3913 ||| IDENTIFYING fuming grey potion
  3914 | D:5      | 3914 ||| DROPPING potion of lignification.
  4134 | D:6      | 4134 ||| INVOKING Heroism.
  4146 | D:6      | Reached skill level 12 in Ranged Weapons
  4256 | D:6      | Reached skill level 3 in Fighting
  4283 | D:6      | Found a glowing silver altar of Zin.
  4283 | D:6      | Found a radiant altar of Vehumet.
  4284 | D:6      | Found a basalt altar of Yredelemnul.
  4312 | D:6      | Noticed Duvessa
  4313 | D:6      | 4313 ||| INVOKING Heroism.
  4313 | D:6      | Noticed Dowan
  4317 | D:6      | Killed Dowan
  4322 | D:6      | Killed Duvessa
  4340 | D:6      | Reached skill level 13 in Ranged Weapons
  4584 | D:6      | Noticed Maggie
  4595 | D:6      | Killed Maggie
  4595 | D:6      | Reached ** piety under Okawaru
  4596 | D:6      | Reached skill level 14 in Ranged Weapons
  4596 | D:6      | Reached XP level 9. HP: 45/50 MP: 14/14
  4827 | D:6      | 4827 ||| UPGRADING to +0 ring mail.
  4837 | D:6      | 4837 ||| DROPPING +0 scale mail.
  4838 | D:6      | 4838 ||| READING scroll labelled BAIZXYFOIS.
  4838 | D:6      | Identified a scroll of acquirement
  4838 | D:6      | 4838 ||| ACQUIRING +2 arbalest of draining
  4838 | D:6      | Acquired a +2 arbalest of draining
  4840 | D:6      | 4840 ||| SWAPPING to +2 arbalest of draining.
  4883 | D:7      | Found Oqoileguor's Jewellery Shop.
  4888 | D:7      | 4888 ||| SHOPLISTING +4 ring of protection (432 gold, have
                  | 233).
  4888 | D:7      | 4888 ||| SHOPLISTING +5 ring of evasion (432 gold, have
                  | 233).
  4888 | D:7      | 4888 ||| SHOPLISTING amulet of regeneration (360 gold, have
                  | 233).
  4888 | D:7      | 4888 ||| SHOPLISTING ring "Sieggogu" {rC+ Str+6 Int+2
                  | Dex+5} (776 gold, have 233).
  4888 | D:7      | 4888 ||| SHOPLISTING ring of ice (300 gold, have 233).
  4888 | D:7      | 4888 ||| SHOPLISTING ring of protection from fire (300
                  | gold, have 233).
  4888 | D:7      | 4888 ||| BUYING ring of see invisible (180 gold).
  4888 | D:7      | Bought a ring of see invisible for 180 gold pieces
  4911 | D:7      | 4911 ||| INVOKING Heroism.
  4992 | D:7      | Found Feugyic's Distillery.
  4998 | D:7      | 4998 ||| SHOPLISTING potion of cancellation (112 gold, have
                  | 68).
  4998 | D:7      | 4998 ||| BUYING potion of curing (42 gold).
  4998 | D:7      | Bought a potion of curing for 42 gold pieces
  4998 | D:7      | 4998 ||| SHOPLISTING potion of curing (42 gold, have 26).
  4998 | D:7      | 4998 ||| SHOPLISTING potion of enlightenment (70 gold, have
                  | 26).
  4998 | D:7      | 4998 ||| SHOPLISTING potion of mutation (112 gold, have
                  | 26).
  4998 | D:7      | 4998 ||| SHOPLISTING potion of resistance (140 gold, have
                  | 26).
  5030 | D:7      | Found Xoalusch's Book Shoppe.
  5177 | D:7      | Found Rubro's Jewellery Shoppe.
  5185 | D:7      | 5185 ||| SHOPLISTING +6 ring of dexterity (504 gold, have
                  | 67).
  5185 | D:7      | 5185 ||| SHOPLISTING ring "Ceuwn" {Contam rF+ Will+++
                  | rCorr} (840 gold, have 67).
  5185 | D:7      | 5185 ||| SHOPLISTING ring "Qontatea" {Ice rN+ Dex+2 SInv}
                  | (624 gold, have 67).
  5185 | D:7      | 5185 ||| SHOPLISTING ring of fire (350 gold, have 67).
  5185 | D:7      | 5185 ||| SHOPLISTING ring of protection from fire (350
                  | gold, have 67).
  5220 | D:7      | Found Wiuritopt's Antique Weapon Boutique.
  5298 | D:7      | 5298 ||| FLEEEEING.
  5299 | D:7      | 5299 ||| FLEEEEING.
  5300 | D:7      | 5300 ||| FLEEEEING.
  5301 | D:7      | 5301 ||| FLEEEEING.
  5305 | D:7      | 5305 ||| FLEEEEING.
  5307 | D:7      | 5307 ||| FLEEEEING.
  5308 | D:7      | 5308 ||| FLEEEEING.
  5309 | D:7      | 5309 ||| FLEEEEING.
  5310 | D:7      | 5310 ||| FLEEEEING.
  5311 | D:7      | 5311 ||| FLEEEEING.
  5312 | D:7      | 5312 ||| FLEEEEING.
  5313 | D:7      | 5313 ||| FLEEEEING.
  5314 | D:7      | 5314 ||| FLEEEEING.
  5329 | D:7      | 5329 ||| INVOKING Heroism.
  5731 | D:7      | 5731 ||| UPGRADING to ring of see invisible.
  5732 | D:7      | 5732 ||| READING 2 scrolls labelled MONETZ WOWKUCE.
  5733 | D:7      | 5733 ||| DROPPING scroll of immolation.
  5761 | D:8      | 5761 ||| INVOKING Heroism.
  5763 | D:8      | 5763 ||| Stepping ~*~*~tactically~*~*~ (cloud).
  5806 | D:8      | Found a broken altar of Ashenzari.
  5806 | D:8      | Found a hide-covered altar of Uskayaw.
  5855 | D:8      | Reached skill level 15 in Ranged Weapons
  5875 | D:8      | Found Hoozabb's Weapon Emporium.
  5878 | D:8      | Reached *** piety under Okawaru
  6106 | D:8      | Found an ancient bone altar of Kikubaaqudgha.
  6110 | D:8      | Found a shimmering altar of Xom.
  6250 | D:8      | 6250 ||| INVOKING Heroism.
  6407 | D:8      | 6407 ||| DROPPING +1 pair of gloves.
  6408 | D:8      | 6408 ||| READING 3 scrolls of identify.
  6408 | D:8      | 6408 ||| IDENTIFYING golden potion
  6409 | D:8      | 6409 ||| READING 2 scrolls of identify.
  6409 | D:8      | 6409 ||| IDENTIFYING emerald potion
  6410 | D:8      | 6410 ||| DROPPING potion of brilliance.
  6434 | D:9      | 6434 ||| INVOKING Heroism.
  6481 | D:9      | 6481 ||| INVOKING Heroism.
  6483 | D:9      | Reached skill level 16 in Ranged Weapons
  6485 | D:9      | HP: 11/52 [yak (6)]
  6486 | D:9      | 6486 ||| READING 4 scrolls of teleportation.
  6486 | D:9      | HP: 4/52 [yak (8)]
  6487 | D:9      | 6487 ||| DRINKING 2 potions of heal wounds.
  6490 | D:9      | Noticed a troll
  6495 | D:9      | Killed a troll
  6496 | D:9      | Reached skill level 6 in Dodging
  6496 | D:9      | Reached XP level 10. HP: 29/56 MP: 15/15
  6522 | D:9      | Identified the +3 quarterstaff of Zodghyboj {flame, rC+
                  | Will- Int+6 Dex-3}
  6549 | D:9      | 6549 ||| INVOKING Heroism.
  6552 | D:9      | 6552 ||| Stepping ~*~*~tactically~*~*~ (outnumbered).
  6554 | D:9      | 6554 ||| Stepping ~*~*~tactically~*~*~ (outnumbered).
  6600 | D:9      | 6600 ||| INVOKING Heroism.
  6608 | D:9      | 6608 ||| Stepping ~*~*~tactically~*~*~ (outnumbered).
  6842 | D:9      | Noticed an orange demon
  6844 | D:9      | Gained mutation: Your spells are a little easier to cast,
                  | but a little less powerful. [a neqoxec]
  6846 | D:9      | 6846 ||| INVOKING Heroism.
  6847 | D:9      | HP: 8/56 [red devil/+0 trident[a kobold demonologist] (9)]
  6848 | D:9      | 6848 ||| READING 5 scrolls of teleportation.
  6848 | D:9      | Slain by a red devil

Levels and vault maps discovered:
D:1:      dpeg_arrival_boxorama, layout_basic, serial_shops,
          nicolae_shop_waterfront, nicolae_shop_peninsula, st_stairs_13
D:2:      layout_basic, basic_altar
D:3:      layout_basic, serial_shops, nicolae_shop_tiny_waterfront,
          serial_aquarium, aquarium_bridge_straight [aquarium_subvault_bridge,
          aquarium_subvault_wall, aquarium_subvault_bridge,
          aquarium_subvault_balcony], aquarium_bridge_straight
          [aquarium_subvault_bridge, aquarium_subvault_window,
          aquarium_subvault_bridge, aquarium_subvault_wall], aquarium_window_2,
          aquarium_window_1, aquarium_view_2b, aquarium_view_2b,
          aquarium_pool_side, minmay_ruptured, uniq_terence
D:4:      layout_basic, mainiacjoe_overflow_surrounded_room
D:5:      layout_basic, kennysheep_mini, lemuel_coloured_pillars_altar,
          minmay_temple_entry_steel_oval
D:6:      layout_basic, chequers_temple_overflow_statue_of_worship,
          serial_corexii_hall, corexii_hall_statues_t, corexii_hall_statues_l,
          hex_medium, uniq_maggie, uniq_duvessa
D:7:      layout_basic, serial_shops, shop, nicolae_square_shop, shop, shop,
          nicolae_book_shop_shelving, nicolae_the_louvre
D:8:      layout_loops_ring, nicolae_overflow_two_pavilions, minitemple,
          kennysheep_small_square
D:9:      layout_rooms

Skill      XL: |  1  2  3  4  5  6  7  8  9 |
---------------+----------------------------+-----
Ranged Weapons | 6 7 9 10 11 14 16 | 16.5
Armour         | 2 |  2.0
Fighting       | 2 3 4 |  4.0
Invocations    | 3 4 |  4.0
Dodging        | 3 6 |  6.4
Stealth        | |  1.2

Action                     |  1- 3 |  4- 6 |  7- 9 | 10-12 || total
---------------------------+-------+-------+-------+-------++-------
   Fire: Shortbow          |    87 |       |       |       ||    87
         Sling             |    21 |   106 |   134 |       ||   261
         Arbalest          |       |       |   133 |    55 ||   188
 Invoke: Heroism           |       |       |    12 |     3 ||    15
    Use: Scroll            |     3 |     8 |     7 |     1 ||    19
         Potion            |     3 |       |     2 |       ||     5
 Armour: Leather armour    |     7 |     5 |       |       ||    12
         Scale mail        |       |    14 |    10 |       ||    24
         Ring mail         |       |       |    32 |    11 ||    43
  Dodge: Dodged            |    13 |    14 |    79 |    16 ||   122

Table legend:
 A = Non-vault XP
 B = Vault XP
 C = Vault XP percentage of total XP
 D = Non-vault monster count
 E = Vault monster count
 F = Vault count percentage of total count
                 A         B        C        D         E       F
            +---------+---------+-------+---------+---------+-------
      Total |    5645 |     807 |  12.5 |     179 |       9 |   4.8
            +---------+---------+-------+---------+---------+-------
        D:1 |      13 |       2 |  13.3 |       8 |       1 |  11.1
        D:2 |      32 |       0 |   0.0 |      14 |       0 |   0.0
        D:3 |     209 |      41 |  16.4 |      24 |       4 |  14.3
        D:4 |     406 |       0 |   0.0 |      32 |       0 |   0.0
        D:5 |     874 |       0 |   0.0 |      18 |       0 |   0.0
        D:6 |     833 |     642 |  43.5 |      17 |       3 |  15.0
        D:7 |     785 |       0 |   0.0 |      16 |       0 |   0.0
        D:8 |     711 |     122 |  14.6 |      19 |       1 |   5.0
        D:9 |    1782 |       0 |   0.0 |      31 |       0 |   0.0
            +---------+---------+-------+---------+---------+-------
